 Dungeon Crawl Stone Soup version 0.23-b1-59-g586d0d887c (webtiles) character file.

Game seed: 13544051245740066899

13514 LostNumber the Geomancer (level 12, 0/75 HPs)
             Began as a Gargoyle Earth Elementalist on Feb 4, 2019.
             Was an Elder of Vehumet.
             Slain by an ice beast (12 damage)
             ... summoned by Fannar
             ... on level 1 of the Lair of Beasts.
             The game lasted 00:23:53 (11263 turns).

LostNumber the Geomancer (GrEE)                    Turns: 11263, Time: 00:23:54

Health: 0/75       AC: 14    Str: 11    XL:     12   Next: 6%
Magic:  1/24       EV: 13    Int: 22    God:    Vehumet [****..]
Gold:   311        SH:  0    Dex: 10    Spells: 8/27 levels left

rFire    . . .     SeeInvis +   R - +3 demon trident
rCold    . . .     Gourm    .   (no shield)
rNeg     + . .     Faith    .   L - +0 troll leather armour
rPois    ∞         Spirit   .   G - +1 hat
rElec    +         Reflect  .   A - +0 cloak
rCorr    .         Harm     .   (no gloves)
MR       .....                  (no boots)
Stlth    +++.......             (no amulet)
HPRegen  0.62/turn              z - ring of see invisible
MPRegen  0.19/turn              (no ring)

@: no status effects
A: negative energy resistance 1, electricity resistance, unbreathing,
petrification resistance, rot immunity, AC +8
a: Renounce Religion


You were on level 1 of the Lair of Beasts.
You worshipped Vehumet.
Vehumet was greatly pleased with you.
You were not hungry.

You visited 3 branches of the dungeon, and saw 12 of its levels.

You collected 609 gold pieces.
You spent 298 gold pieces at shops.

Inventory:

Hand Weapons
 a - a +0 dagger
   (You took it off a goblin on level 1 of the Dungeon)
 j - the +1 flail of Afirhoh {venom, rC+ Str+2}
   (You bought it in a shop on level 7 of the Dungeon)

   It poisons the flesh of those it strikes.
   It affects your strength (+2).
   It protects you from cold.
 n - a +0 short sword of holy wrath
   (You took it off a kobold on level 2 of the Dungeon)
 x - a +2 flail of holy wrath
   (You took it off Edmund on level 5 of the Dungeon)
 B - a +0 whip of electrocution
   (You took it off Pikel on level 7 of the Dungeon)
 R - a +3 demon trident (weapon)
   (You took it off Urug on level 10 of the Dungeon)
Missiles
 b - 27 stones (quivered)
 y - 5 throwing nets {!f}
Armour
 A - a +0 cloak (worn)
   (You took it off Crazy Yiuf on level 6 of the Dungeon)
 G - a +1 hat (worn)
   (You took it off Gastronok on level 8 of the Dungeon)
 H - a +0 robe
 K - a +2 robe of magic resistance
   (You took it off Psyche on level 8 of the Dungeon)
 L - a +0 troll leather armour (worn)
   (You found it on level 9 of the Dungeon)
 O - a +0 pair of gloves
   (You found it on level 9 of the Dungeon)
 P - a +0 pair of gloves
   (You found it on level 8 of the Dungeon)
Jewellery
 z - a ring of see invisible (left hand)
   (You found it on level 3 of the Dungeon)
 D - a +4 ring of slaying {unknown}
   (You found it on level 7 of the Dungeon)
Wands
 c - a wand of disintegration (18)
   (You found it on level 8 of the Dungeon)
 t - a wand of flame (17)
   (You found it on level 8 of the Dungeon)
 u - a wand of paralysis (10)
   (You found it on level 4 of the Dungeon)
Scrolls
 f - 11 scrolls of teleportation {@r4}
 h - 5 scrolls of remove curse {@r2}
 i - 2 scrolls of fog
 l - 2 scrolls of blinking
 o - 2 scrolls of magic mapping
 p - 2 scrolls of amnesia
 w - 2 scrolls of enchant weapon
Potions
 d - 2 potions of resistance
 g - 2 potions of heal wounds {unknown}
 k - 4 potions of curing {@q1}
 s - 5 potions of might
 v - a potion of cancellation
 C - 2 potions of lignification {unknown}
 F - 2 potions of ambrosia {unknown}
 I - a potion of agility {unknown}
 J - a potion of flight {unknown}
 N - a potion of brilliance {unknown}
Comestibles
 e - 20 rations {!d}


   Skills:
 + Level 8.9 Fighting
 + Level 4.8 Dodging
 - Level 8.0 Stealth
 + Level 8.4 Spellcasting
 * Level 5.2 Conjurations
 - Level 0.7 Transmutations
 - Level 12.1 Earth Magic
 + Level 4.7 Evocations


You had 8 spell levels left.
You knew the following spells:

 Your Spells              Type           Power        Failure   Level  Hunger
a - Sandblast             Erth           ######       1%          1    None
b - Lee's Rapid Deconstr  Erth           ######....   1%          5    #####..
c - Petrify               Tmut/Erth      #####...     7%          4    ###....
d - Throw Icicle          Conj/Ice       ###.....     9%          4    ###....
q - Passwall              Tmut/Erth      #####...     1%          2    None
x - Stone Arrow           Conj/Erth      #####.       1%          3    None

Your spell library contained the following spells:

 Spells                   Type           Power        Failure   Level  Hunger
 Sticky Flame             Conj/Fire      ###.....     9%          4    ###....
 Dazzling Spray           Conj/Hex       ###...       2%          3    None
 Apportation              Tloc           #.....       10%         1    None
 Corona                   Hex            #......      10%         1    None
 Summon Butterflies       Summ           #.......     10%         1    None
 Ensorcelled Hibernation  Hex/Ice        #.....       14%         2    None
 Confuse                  Hex            #.......     28%         3    None
 Lesser Beckoning         Tloc           #.........   28%         3    None
 Tukima's Dance           Hex            #.......     28%         3    None
 Alistair's Intoxication  Tmut/Pois      ##......     92%         5    #####..
 Invisibility             Hex            #.......     100%        6    ######.


Dungeon Overview and Level Annotations

Branches:
Dungeon (10/15)            Temple (1/1) D:4            Lair (1/6) D:9
    Orc: D:9-12

Altars:
Ashenzari
Cheibriados
Dithmenos
Elyvilon
Fedhas
Gozag
Hepliaklqana
Kikubaaqudgha
Qazlal
Sif Muna
Trog
Uskayaw
Vehumet
Wu Jian
Yredelemnul
Zin
The Shining One

Shops:
D:4 ?   D:7 (   D:8 :

Annotations:
Lair:1 Fannar


Innate Abilities, Weirdness & Mutations

You are resistant to torment.
Your stone body is resilient. (AC +8)
You are immune to poison.
You resist negative energy. (rN+)
You are resistant to electric shocks. (rElec)
You can survive without breathing.
You are immune to petrification.
You are immune to rotting.


Message History

Aim: Fannar, wielding a staff of cold and wearing a +2 robe of cold resistance (severely wounded, covered in an icy film, chance to defeat MR: 13%)
Okay, then.
Unknown command.
Aim: Fannar, wielding a staff of cold and wearing a +2 robe of cold resistance (severely wounded, covered in an icy film)
The burst of metal fragments hits Fannar but does no damage. x5
The burst of metal fragments hits Fannar.
The ice beast misses you. Fannar casts a spell at you.
The bolt of cold hits you!!
* * * LOW HITPOINT WARNING * * *
Aim: Fannar, wielding a staff of cold and wearing a +2 robe of cold resistance (severely wounded, covered in an icy film)
The burst of metal fragments hits Fannar but does no damage. x3
The burst of metal fragments hits Fannar.
The burst of metal fragments hits Fannar but does no damage.
The ice beast hits you but does no damage.
Fannar gestures wildly while chanting.
Unknown command.
Aim: Fannar, wielding a staff of cold and wearing a +2 robe of cold resistance (severely wounded, covered in an icy film)
The burst of metal fragments hits Fannar.
The burst of metal fragments hits Fannar but does no damage. x2
The now-empty wand crumbles to dust.
The ice beast barely misses you. Fannar barely misses you.
Aim: Fannar, wielding a staff of cold and wearing a +2 robe of cold resistance (severely wounded, covered in an icy film, chance to defeat MR: 32%) Fannar easily resists.
The ice beast hits you but does no damage.
Fannar gestures at you while chanting. The bolt of cold hits you.
* * * LOW HITPOINT WARNING * * *
The ice beast hits you but does no damage.
Aim: Fannar, wielding a staff of cold and wearing a +2 robe of cold resistance (severely wounded, covered in an icy film, chance to defeat MR: 32%) Fannar easily resists.
The ice beast hits you but does no damage.
The ice beast hits you.
* * * LOW HITPOINT WARNING * * *
The ice beast freezes you!
* * * LOW HITPOINT WARNING * * *
Fannar barely misses you.
Unknown command.
Okay, then.
Aim: Fannar, wielding a staff of cold and wearing a +2 robe of cold resistance (severely wounded, covered in an icy film)
The blast of sand hits Fannar.
b - 27 stones Fannar hits you but does no damage.
The ice beast hits you but does no damage. x2
Unknown command.
Aim: Fannar, wielding a staff of cold and wearing a +2 robe of cold resistance (severely wounded, covered in an icy film, chance to defeat MR: 32%) Fannar is blasted!
Fannar closely misses you. The ice beast hits you.
* * * LOW HITPOINT WARNING * * *
The ice beast freezes you!
You die...

.##..#...#...#...###....#........
........##...#...##P......[......
.......##........................
...⌠.÷.#.........................
.......#.............#.#.........
.⌠...⌠.#.....#.....##..##........
.......##.................##..#..
...⌠...#.......Y........P.###....
...............e@................
..##.....##....Y........#........
.##.....................#.###....
..#..##..⌠..............#..##.#..
##....#.#.....#...#.#..##.#......
#.......#+.......##.##.##.#......
#................................
.................................
.................................


You could see Fannar and 2 ice beasts.

Vanquished Creatures
  Gastronok (D:8)
  Harold (Lair:1)
  A hydra (D:9)
  A two-headed ogre (D:9)
  Urug (D:10)
  Pikel (D:7)
  A black mamba (D:9)
  Psyche (D:8)
  3 spiny frogs
  A komodo dragon (Lair:1)
  2 trolls (D:9)
  A hornet (D:9)
  2 polar bears (D:9)
  3 hippogriffs
  Prince Ribbit (D:7)
  2 yaks (D:9)
  Edmund (D:5)
  2 water moccasins
  3 porcupines (Lair:1)
  2 ice beasts (D:9)
  A sky beast (D:9)
  3 black bears
  A hornet zombie (D:6)
  2 orc warriors
  A necrophage (D:6)
  2 phantoms
  A centaur (D:9)
  2 wolves (D:9)
  2 crocodiles (D:9)
  A big kobold (D:8)
  A gnoll sergeant (D:9)
  9 bullfrogs
  2 wyvern skeletons
  3 scorpions
  4 howler monkeys
  An electric eel (D:9)
  3 crimson imps
  2 centaur zombies (D:6)
  A bullfrog zombie (D:7)
  9 orc priests
  Crazy Yiuf (D:6)
  4 hounds
  5 jellies
  8 orc wizards
  3 bullfrog skeletons
  An iguana (D:9)
  12 worker ants
  A hound zombie (D:9)
  A killer bee simulacrum (D:9)
  A worker ant zombie (D:5)
  9 gnolls
  11 adders
  3 shadow imps
  2 white imps (D:9)
  2 ufetubi (D:9)
  7 oozes
  An adder skeleton (D:4)
  2 worms (D:3)
  2 dart slugs
  4 leopard geckos
  34 orcs
  2 ball pythons
  7 bats
  9 giant cockroaches
  9 hobgoblins
  5 jackals (D:1)
  11 kobolds
  8 quokkas
  2 frilled lizards
  5 goblins
  A jackal skeleton (D:6)
  13 rats
268 creatures vanquished.

Vanquished Creatures (others)
  A black bear (D:7)
  A hound (D:7)
  5 toadstools (D:1)
7 creatures vanquished.

Grand Total: 275 creatures vanquished

Notes
Turn   | Place    | Note
-------+----------+-------------------------------------------
     0 | D:1      | LostNumber the Gargoyle Earth Elementalist began the quest
                  | for the Orb.
     0 | D:1      | Reached XP level 1. HP: 10/10 MP: 3/3
   255 | D:1      | Reached skill level 4 in Earth Magic
   266 | D:1      | Reached XP level 2. HP: 11/15 MP: 5/5
   885 | D:1      | Reached XP level 3. HP: 17/19 MP: 3/6
  1237 | D:1      | Learned a level 3 spell: Stone Arrow
  1456 | D:2      | Reached skill level 5 in Earth Magic
  1489 | D:2      | Reached skill level 1 in Conjurations
  1492 | D:2      | Reached XP level 4. HP: 22/24 MP: 7/7
  2119 | D:3      | Found an opulent altar of Gozag.
  2276 | D:3      | Reached XP level 5. HP: 28/28 MP: 9/9
  2673 | D:3      | Found a blossoming altar of Fedhas.
  3026 | D:4      | Reached skill level 6 in Earth Magic
  3026 | D:4      | Reached XP level 6. HP: 30/32 MP: 0/10
  3323 | D:4      | Noticed a phantom
  3687 | D:4      | Killed a phantom
  3687 | D:4      | Reached XP level 7. HP: 34/36 MP: 6/12
  3694 | D:4      | Learned a level 5 spell: Lee's Rapid Deconstruction
  3998 | D:4      | Found Ohiokkeo's Magic Scroll Boutique.
  4122 | D:4      | Bought a scroll of teleportation for 33 gold pieces
  4122 | D:4      | Bought a scroll of identify for 22 gold pieces
  4122 | D:4      | Bought a scroll of fog for 22 gold pieces
  4194 | D:4      | Found a faded altar of an unknown god.
  4196 | D:4      | Found a staircase to the Ecumenical Temple.
  4207 | Temple   | Entered the Ecumenical Temple
  4237 | Temple   | Became a worshipper of Vehumet
  4347 | D:5      | Entered Level 5 of the Dungeon
  4351 | D:5      | Reached skill level 7 in Earth Magic
  4463 | D:5      | Reached skill level 1 in Fighting
  4725 | D:5      | Noticed Edmund
  4730 | D:5      | Killed Edmund
  4730 | D:5      | Reached XP level 8. HP: 35/44 MP: 3/14
  5170 | D:5      | Reached skill level 8 in Earth Magic
  5272 | D:6      | Reached * piety under Vehumet
  5272 | D:6      | Offered knowledge of Magic Dart by Vehumet.
  5872 | D:6      | Reached skill level 5 in Stealth
  6052 | D:6      | Reached skill level 9 in Earth Magic
  6219 | D:5      | Found a hazy altar of Hepliaklqana.
  6267 | D:6      | Found a runed translucent door.
  6268 | D:6      | Noticed Crazy Yiuf
  6597 | D:6      | Reached XP level 9. HP: 50/52 MP: 7/16
  6756 | D:6      | Found an ornate altar of the Wu Jian Council.
  6760 | D:6      | Reached skill level 5 in Spellcasting
  6772 | D:6      | Found a snail-covered altar of Cheibriados.
  6905 | D:6      | Killed Crazy Yiuf
  6998 | D:7      | Found Hanaymm's Antique Weapon Boutique.
  7000 | D:7      | Noticed Prince Ribbit
  7113 | D:7      | Killed Prince Ribbit
  7167 | D:7      | Bought an ivory flail for 221 gold pieces
  7167 | D:7      | Identified the cursed +1 flail of Afirhoh {venom, rC+
                  | Str+2} (You bought it in a shop on level 7 of the Dungeon)
  7318 | D:7      | Reached skill level 10 in Earth Magic
  7323 | D:7      | Found an ancient bone altar of Kikubaaqudgha.
  7370 | D:7      | Noticed Pikel
  7379 | D:7      | Killed Pikel
  7379 | D:7      | Reached skill level 5 in Fighting
  7633 | D:7      | Found a shadowy altar of Dithmenos.
  7799 | D:8      | Found a bloodstained altar of Trog.
  7875 | D:8      | Reached ** piety under Vehumet
  7876 | D:8      | Offered knowledge of Flame Tongue by Vehumet.
  7953 | D:8      | Learned a level 4 spell: Petrify
  7956 | D:8      | Learned a level 2 spell: Passwall
  8026 | D:8      | Reached skill level 11 in Earth Magic
  8028 | D:8      | Reached XP level 10. HP: 58/59 MP: 1/19
  8182 | D:8      | Found a glowing golden altar of the Shining One.
  8210 | D:8      | Noticed Gastronok
  8340 | D:8      | Killed Gastronok
  8367 | D:8      | Found Nuubluedgh's Book Emporium.
  8394 | D:8      | Noticed Psyche
  8399 | D:8      | Killed Psyche
  8399 | D:8      | Reached skill level 12 in Earth Magic
  9106 | D:9      | Offered knowledge of Throw Frost by Vehumet.
  9111 | D:9      | Found a staircase to the Lair.
  9115 | D:9      | Reached skill level 1 in Evocations
  9394 | D:9      | Noticed a two-headed ogre
  9400 | D:9      | Killed a two-headed ogre
  9400 | D:9      | Reached XP level 11. HP: 52/67 MP: 5/21
  9435 | D:9      | Reached *** piety under Vehumet
  9876 | D:9      | Offered knowledge of Throw Icicle by Vehumet.
 10037 | D:9      | Found a shattered altar of Ashenzari.
 10125 | D:9      | Learned a level 4 spell: Throw Icicle
 10224 | D:10     | Entered Level 10 of the Dungeon
 10228 | D:10     | Noticed Urug
 10241 | D:10     | Killed Urug
 10290 | Lair:1   | Entered Level 1 of the Lair of Beasts
 10290 | Lair:1   | Noticed a five-headed hydra
 10299 | D:9      | Killed a five-headed hydra
 10376 | Lair:1   | Reached **** piety under Vehumet
 10608 | Lair:1   | Offered knowledge of Sticky Flame by Vehumet.
 10653 | Lair:1   | Noticed Harold
 10911 | Lair:1   | Killed Harold
 10911 | Lair:1   | Reached skill level 5 in Conjurations
 10911 | Lair:1   | Reached XP level 12. HP: 53/75 MP: 18/24
 11046 | Lair:1   | Noticed Fannar
 11263 | Lair:1   | Slain by an ice beast

Skill      XL: |  1  2  3  4  5  6  7  8  9 10 11 |
---------------+----------------------------------+-----
Earth Magic    | 4 5 6 7 9 11 12 | 12.1
Conjurations   | 1 2 4 5 |  5.2
Spellcasting   | 3 4 6 7 8 |  8.4
Stealth        | 3 4 5 7 8 |  8.0
Fighting       | 2 3 5 7 8 |  8.9
Dodging        | 2 4 |  4.8
Evocations     | 2 4 |  4.7
Transmutations | |  0.7

Action                   |  1- 3 |  4- 6 |  7- 9 | 10-12 || total
-------------------------+-------+-------+-------+-------++-------
Melee: Dagger            |   113 |       |       |       ||   113
       Unarmed           |     7 |       |       |       ||     7
       Short sword       |    10 |   109 |    32 |       ||   151
       Flail             |       |       |    50 |       ||    50
       Whip              |       |       |     9 |    43 ||    52
       Demon trident     |       |       |       |    16 ||    16
 Cast: Sandblast         |    21 |    59 |   106 |   101 ||   287
       Stone Arrow       |       |     4 |    34 |    96 ||   134
       Lee's Rapid Decon |       |       |     2 |     4 ||     6
       Throw Icicle      |       |       |       |     1 ||     1
Evoke: Wand              |       |       |       |     8 ||     8
  Use: Scroll            |       |       |     9 |     6 ||    15
 Stab: Sleeping          |     5 |     2 |     5 |     3 ||    15
  Eat: Chunk             |     2 |     7 |    17 |     8 ||    34
       Ration            |       |       |       |     1 ||     1
Armor: Robe              |    57 |    40 |    62 |    36 ||   195
       Troll leather arm |       |       |       |    66 ||    66
Dodge: Dodged            |   100 |   104 |   134 |   138 ||   476
